 Dungeon Crawl Stone Soup version 0.14-a0-1637-gd423c14 (webtiles) character file.

346 HollowCharge the Poker (level 6, 0/48 HPs)
             Began as a Merfolk Skald on Dec 26, 2013.
             Was an Initiate of Zin.
             Slain by an orc
             ... wielding a +0,+1 orcish flail
              (5 damage)
             ... in the Ecumenical Temple.
             The game lasted 00:25:32 (3881 turns).

HollowCharge the Poker (Merfolk Skald)              Turns: 3881, Time: 00:25:32

HP   0/48        AC  7     Str 12      XL: 6   Next: 19%
MP   4/11        EV  9     Int 11      God: Zin [......]
Gold 82          SH  0     Dex 16      Spells:  4 memorised,  2 levels left

rFire  . . .     SeeInvis .     a - +1,+0 spear
rCold  . . .     Clarity  .     j - +0 ring mail
rNeg   + . .     Conserve .     (no shield)
rPois  .         rCorr    .     (no helmet)
rElec  .         rRot     .     v - +0 orc cloak
SustAb . .       Spirit   .     i - +0 pair of gloves
rMut   .         Warding  +     (no boots)
Saprov . . .     Stasis   .     e - amulet of warding {unknown}
                                (no ring)
                                o - ring of wizardry

@: slightly resistant to hostile enchantments, very unstealthy
A: change form in water, swift swim
a: Renounce Religion


You were in the Ecumenical Temple.
You worshipped Zin.
Zin was noncommittal.
You were not hungry.

You visited 2 branches of the dungeon, and saw 5 of its levels.

You collected 91 gold pieces.
You donated 9 gold pieces.

Inventory:

Hand weapons
 a - a +1,+0 spear (weapon)
Armour
 b - a +0 leather armour
 f - a +1 orcish scale mail
 i - a +0 pair of gloves (worn)
 j - a +0 ring mail (worn)
 v - a +0 orcish cloak (worn)
Comestibles
 d - 2 bread rations
 l - a choko
Jewellery
 e - an amulet of warding (around neck) {unknown}
 o - a ring of wizardry (left hand)
Books
 c - a book of Battle

   Spells                             Type                      Level
   *Infusion                          Charms                       1
   *Shroud of Golubria                Charms/Translocation         2
   *Song of Slaying                   Charms                       2
   Spectral Weapon                    Hexes/Charms                 3
   *Regeneration                      Charms/Necromancy            3


   Skills:
 * Level 3.7 Fighting
 * Level 5.4 Polearms
 + Level 1.7 Armour
 + Level 2.3 Dodging
 + Level 2.9 Spellcasting
 + Level 3.8 Charms


You had 2 spell levels left.
You knew the following spells:

 Your Spells              Type           Power        Failure   Level  Hunger
a - Infusion              Chrm           ##....       3%          1    #......
b - Song of Slaying       Chrm           ##......     5%          2    ###....
c - Shroud of Golubria    Chrm/Tloc      #.........   11%         2    ###....
d - Regeneration          Chrm/Necr      #.........   26%         3    ####...


Dungeon Overview and Level Annotations

Branches:
Dungeon (4/16)             Temple (1/1) D:4

Altars:
Elyvilon
Fedhas
Kikubaaqudgha
Makhleb
Nemelex Xobeh
Sif Muna
Trog
Xom
Zin

Annotations:
D:4 HollowCharge's ghost, average OgGl


Message History

The hound is heavily wounded.
The hound gazes forward, looking utterly alone.
The hound completely misses you. The orc hits you with an orcish flail.
* * * LOW HITPOINT WARNING * * *
The hound barely misses you.
You hit the hound.
The hound is severely wounded.
The hound misses you. The orc hits you but does no damage.
You hit the hound.
The hound is almost dead.
The hound bites you.
* * * LOW HITPOINT WARNING * * *
You hit the hound.
You kill the hound!
The orc hits you with an orcish flail.
* * * LOW HITPOINT WARNING * * *
You hit the orc.
The orc is moderately wounded.
The orc hits you with an orcish flail.
You die...

#......._.......#
##...._..._....##
##...........## ##....⌠....##
##.......## ##.....## ##...##
########...########
########.......@o........#######
#...............................
#...._....⌠.....#.....⌠...._....
##.............###.............#
#.._........### ###........_..#
##....._...## ##..._.....##
##..)...### ###......## ##....##
##....## ###.## ##.###


You could see an orc.

Vanquished Creatures
  A hound (Temple)
  An iguana (D:4)
  An orc wizard (D:3)
  A worker ant (D:4)
  A scorpion (D:3)
  5 adders
  2 gnolls
  A giant mite (D:2)
  An inept item mimic (D:2)
  2 worms
  5 orcs (D:3)
  A giant cockroach (D:3)
  3 goblins
  4 hobgoblins
  2 ball pythons
  5 bats
  2 giant geckos (D:3)
  4 giant newts (D:3)
  2 jackals (D:1)
  7 kobolds
  A quokka (D:3)
  8 rats
60 creatures vanquished.

Notes
Turn   | Place    | Note
--------------------------------------------------------------
     0 | D:1      | HollowCharge, the Merfolk Skald, began the quest for the Orb.
     0 | D:1      | Reached XP level 1. HP: 16/16 MP: 3/3
   270 | D:1      | Reached XP level 2. HP: 20/22 MP: 4/4
   303 | D:1      | Learned a level 2 spell: Song of Slaying
   307 | D:1      | Learned a level 2 spell: Shroud of Golubria
   942 | D:2      | Reached skill level 1 in Armour
   942 | D:2      | Reached XP level 3. HP: 24/28 MP: 0/6
  1974 | D:3      | Reached skill level 4 in Polearms
  1974 | D:3      | Reached XP level 4. HP: 27/34 MP: 4/8
  2165 | D:3      | Learned a level 3 spell: Regeneration
  2495 | D:3      | Reached XP level 5. HP: 29/41 MP: 0/9
  2983 | D:4      | Gained mutation: You have a slow metabolism. [potion of mutation]
  2983 | D:4      | Gained mutation: You are partially covered in large bone plates (AC +2, SH +2). [potion of mutation]
  2983 | D:4      | Gained mutation: You have a pair of small antennae on your head. [potion of mutation]
  3226 | D:4      | Lost mutation: You have a slow metabolism. [potion of cure mutation]
  3226 | D:4      | Lost mutation: You are partially covered in large bone plates (AC +2, SH +2). [potion of cure mutation]
  3226 | D:4      | Lost mutation: You have a pair of small antennae on your head. [potion of cure mutation]
  3272 | D:4      | Reached skill level 5 in Polearms
  3521 | D:4      | Reached XP level 6. HP: 37/47 MP: 4/11
  3531 | D:4      | Noticed HollowCharge's ghost (average OgGl)
  3542 | D:4      | Found a staircase to the Ecumenical Temple.
  3550 | Temple   | Entered the Ecumenical Temple
  3851 | Temple   | Became a worshipper of Zin the Law-Giver
  3881 | Temple   | Slain by an orc

Action                   |  1- 3 |  4- 6 || total
-------------------------+-------+-------++-------
Melee: Spear             |   124 |   208 ||   332
 Cast: Infusion          |     3 |    12 ||    15
       Regeneration      |       |     1 ||     1
  Use: Scroll            |     6 |     8 ||    14
       Potion            |       |     9 ||     9
